Map: [ESL] Site Delta

Players

Zain

  • Race: Protoss Protoss
  • Spawn Location: 5:00

Scarlett - Winner!

  • Race: Zerg Zerg
  • Spawn Location: 11:00

Event: ESL SC2 Masters 2023 Winter (Finals)

VOD

Have the link to the VOD?

Description

Time

  • Played on: Dec. 15, 2023, 2:21 p.m.
  • Length: 8:13

All games in this series

Show
View Real Time Build Order
Export as new Build Order

Zain Protoss 

Build Orders: 1 Gate Expand, Oracle Opening 

Get SALT Encoding   

  12  0:00  Probe  
  13  0:12  Probe  
  14  0:20  Pylon  
  14  0:24  Probe  
  15  0:38  Probe (Chrono Boost)  
  15  0:40  Gateway  
  16  0:47  Probe (Chrono Boost)  
  17  0:50  Assimilator  
  17  0:52  Probe  
  18  1:04  Probe  
  19  1:16  Probe  
  20  1:27  Nexus  
  20  1:37  Cybernetics Core  
  20  1:40  Probe  
  21  1:50  Assimilator  
  21  1:52  Probe  
  22  1:55  Pylon  
  22  2:04  Probe  
  23  2:11  Adept (Chrono Boost)  
  25  2:16  Probe  
  26  2:25  Stargate  
  26  2:28  Probe  
  27  2:33  Adept (Chrono Boost)  
  29  2:43  Probe (Chrono Boost)  
  31  2:45  Probe (Chrono Boost)  
  32  2:52  Probe (Chrono Boost)  
  32  2:54  Warp Gate, Adept  
  32  2:55  Probe (Chrono Boost)  
  32  2:57  Probe (Chrono Boost)  
  35  3:04  Probe  
  37  3:09  Oracle (Chrono Boost), Probe  
  41  3:14  Pylon  
  41  3:17  Probe  
  42  3:21  Probe  
  43  3:29  Probe  
  43  3:33  Probe  
  45  3:39  Nexus  
  45  3:40  Pylon  
  45  3:41  Probe  
  46  3:46  Oracle (Chrono Boost)  
  49  3:48  Probe  
  49  3:54  Probe  
  50  3:57  Pylon  
  50  4:00  Probe  
  51  4:06  Nexus, Probe  
  51  4:07  Pylon  
  50  4:12  Probe  
  50  4:15  Twilight Council  
  49  4:18  Probe  
  49  4:22  Gateway  
  50  4:24  Gateway  
  50  4:29  Shield Battery  
  50  4:30  Probe  
  52  4:34  Assimilator  
  52  4:35  Assimilator, Probe  
  52  4:42  Probe  
  52  4:43  Stalker  
  55  4:47  Probe  
  55  4:49  Blink (Chrono Boost)  
  56  4:54  Probe  
  56  4:59  Probe  
  58  5:01  Gateway  
  58  5:07  Probe  
  59  5:12  Stalker  
  59  5:13  Probe  
  62  5:18  Stalker x2, Probe  
  62  5:19  Probe  
  68  5:25  Probe  
  69  5:30  Gateway x2, Probe  
  70  5:35  Stalker  
  70  5:38  Probe x2  
  74  5:46  Stalker x2  
  78  5:51  Probe x2  
  78  5:53  Probe, Pylon  
  78  5:56  Pylon  
  81  6:02  Stalker x2  
  85  6:05  Probe, Pylon  
  85  6:06  Probe  
  85  6:07  Pylon  
  87  6:12  Stalker x2  
  87  6:16  Gateway  
  91  6:23  Stalker  
  91  6:24  Stalker  
  93  6:31  Stalker x2  
  88  6:39  Stalker x2  
  80  6:48  Stalker x2  
  80  6:49  Probe x3  
  87  6:57  Shield Battery  
  87  7:01  Probe x3  
  87  7:05  Stalker x3  
  96  7:14  Stalker x2  
  100  7:15  Probe  
  100  7:16  Probe  
  100  7:17  Probe  
  102  7:28  Stalker x3  
  98  7:37  Stalker  
  91  7:51  Pylon  
  91  7:52  Pylon  
  91  7:55  Pylon  
  91  7:57  Pylon  
  83  7:59  Pylon  
  83  8:02  Stalker x4  
Show
View Real Time Build Order
Export as new Build Order

Scarlett Zerg - Winner!

Build Orders: Hatch First 

Get SALT Encoding   

  12  0:00  Drone  
  13  0:12  Overlord  
  13  0:17  Drone  
  14  0:30  Drone x2  
  16  0:43  Drone  
  17  0:51  Hatchery  
  17  0:54  Drone  
  17  0:59  Drone  
  18  1:08  Extractor  
  17  1:12  Spawning Pool  
  17  1:16  Drone  
  17  1:18  Drone  
  18  1:27  Drone  
  19  1:38  Drone  
  20  1:48  Overlord  
  20  1:59  Queen  
  22  2:03  Zergling x2  
  22  2:04  Queen  
  22  2:05  Drone  
  26  2:15  Metabolic Boost  
  26  2:17  Zergling x2  
  26  2:18  Drone  
  26  2:22  Drone  
  29  2:25  Drone  
  30  2:33  Drone  
  30  2:36  Drone  
  32  2:43  Queen  
  34  2:48  Hatchery  
  34  2:49  Zergling x2  
  34  2:53  Overlord  
  34  3:01  Spore Crawler  
  34  3:05  Zergling x4  
  34  3:09  Drone x2  
  37  3:15  Drone  
  37  3:16  Drone x3  
  41  3:23  Drone, Queen  
  41  3:25  Overlord  
  44  3:37  Overlord  
  44  3:41  Spore Crawler  
  43  3:43  Queen  
  43  3:45  Drone  
  43  3:46  Drone x3  
  49  3:49  Drone x2  
  48  3:58  Drone x3  
  51  4:03  Queen  
  53  4:10  Drone  
  53  4:12  Drone x4  
  53  4:15  Spore Crawler  
  57  4:21  Drone x3  
  60  4:25  Spore Crawler  
  60  4:28  Overlord  
  60  4:30  Evolution Chamber  
  58  4:32  Drone x4  
  58  4:36  Spore Crawler  
  58  4:37  Drone  
  62  4:42  Drone  
  62  4:44  Lair  
  63  4:50  Drone  
  63  4:51  Drone x3  
  63  4:52  Overlord  
  67  4:53  Drone x2  
  67  4:54  Drone  
  67  4:59  Drone x3  
  73  5:01  Zerg Melee Weapons Level 1  
  73  5:04  Drone  
  74  5:12  Queen, Overlord  
  74  5:13  Drone x5  
  81  5:23  Overlord  
  81  5:27  Hatchery  
  80  5:29  Hatchery  
  80  5:32  Zergling x6  
  82  5:36  Zergling x8, Extractor  
  82  5:37  Extractor  
  82  5:39  Zergling x6  
  82  5:40  Zergling x2  
  88  5:43  Zergling x4  
  88  5:48  Overlord x3  
  90  5:51  Infestation Pit  
  90  5:54  Zergling x4  
  91  6:00  Zergling x14  
  91  6:02  Overlord  
  96  6:20  Zergling x16  
  101  6:30  Drone x7  
  101  6:32  Hive  
  104  6:35  Evolution Chamber  
  99  6:43  Drone x6  
  95  6:54  Drone x7, Spore Crawler  
  95  6:57  Spore Crawler  
  95  7:01  Zergling x8  
  104  7:05  Zergling x8  
  108  7:12  Zergling x8  
  112  7:17  Zergling x8  
  112  7:22  Zergling x6  
  116  7:28  Zergling x10  
  113  7:32  Zergling x10  
  113  7:36  Zergling x8, Queen x3  
  124  7:42  Zergling x8  
  124  7:43  Zergling x4  
  124  7:45  Ultralisk Cavern  
  124  7:47  Zergling x4  
  120  7:54  Zergling x12  
Tags
 
Add a new tag
Caveats
  • Supply blocks, unpowered buildings, or Contaminate may cause inaccurate times.
  • Supply counts are checked every 10 seconds.